 Dungeon Crawl Stone Soup version 0.20.0-8-g6b59dc7 (webtiles) character file.

2203 MTVSty1e the Skirmisher (level 9, -6/79 HPs)
             Began as a Pale Draconian Transmuter on May 30, 2017.
             Was an Initiate of Makhleb.
             Mangled by a two-headed ogre
             ... wielding a +0 giant club
              (20 damage)
             ... on level 5 of the Dungeon.
             The game lasted 00:18:02 (8422 turns).

MTVSty1e the Skirmisher (Pale Draconian Transmuter) Turns: 8422, Time: 00:18:12

Health: -6/79      AC: 10    Str: 18    XL:     9   Next: 12%
Magic:  11/15      EV: 13    Int: 17    God:    Makhleb [......]
Gold:   263        SH:  0    Dex: 11    Spells: 9/17 levels left

rFire    . . .     SeeInvis .     - Unarmed
rCold    . . .     Gourm    .   (no shield)
rNeg     + . .     Faith    .   (armour unavailable)
rPois    .         Spirit   .   (helmet restricted)
rElec    .         Reflect  .   u - +0 cloak
rCorr    .         Harm     .   (no gloves)
MR       .....                  (no boots)
Stlth    +.........             (no amulet)
Regen    0.3/turn               j - ring of positive energy
MPRegen  0.2/turn               r - +2 ring of protection

@: mighty, appendage
A: breathe steam, unfitting armour, horns 2, cold-blooded, AC +7
a: Breathe Steam, End Transformation, Renounce Religion


You were on level 5 of the Dungeon.
You worshipped Makhleb.
Makhleb was noncommittal.
You were hungry.
You had grown temporary horns.
You visited 2 branches of the dungeon, and saw 7 of its levels.

You collected 263 gold pieces.

Inventory:

Missiles
 a - 67 arrows
Armour
 u - a +0 cloak (worn)
Jewellery
 j - a ring of positive energy (left hand)
 r - a +2 ring of protection (right hand)
 x - an uncursed amulet of harm
Scrolls
 d - 2 scrolls of remove curse
 g - 3 scrolls of teleportation
 h - a scroll of random uselessness
 p - a scroll of fog
Potions
 c - 4 potions of curing
 e - a potion of flight {unknown}
 k - 2 potions of agility
 l - 2 potions of ambrosia
 m - 2 potions of heal wounds {unknown}
 o - 2 potions of magic {unknown}
 q - 2 potions of invisibility
 s - a potion of brilliance {unknown}
Books
 b - a book of Changes

   Spells                             Type                      Level
   a - Beastly Appendage              Transmutation                1
   b - Sticks to Snakes               Transmutation                2
   c - Spider Form                    Transmutation/Poison         3
   d - Ice Form                       Ice/Transmutation            4
   e - Blade Hands                    Transmutation                5
 v - a book of Cantrips

   Spells                             Type                      Level
   a - Confusing Touch                Hexes                        1
   b - Animate Skeleton               Necromancy                   1
   c - Summon Small Mammal            Summoning                    1
   d - Apportation                    Translocation                1
 y - a book of Misfortune

   Spells                             Type                      Level
   a - Confusing Touch                Hexes                        1
   b - Confuse                        Hexes                        3
   c - Gell's Gravitas                Translocation                3
   d - Petrify                        Transmutation/Earth          4
   e - Metabolic Englaciation         Hexes/Ice                    5
   f - Yara's Violent Unravelling     Hexes/Transmutation          5
Comestibles
 n - a bread ration
 w - 2 royal jellies


   Skills:
 * Level 7.3 Fighting
 + Level 4.4 Dodging
 + Level 6.7 Unarmed Combat
 + Level 4.5 Spellcasting
 + Level 5.2 Transmutations


You had 9 spell levels left.
You knew the following spells:

 Your Spells              Type           Power        Failure   Level  Hunger
a - Beastly Appendage     Tmut           ###...       1%          1    None
b - Sticks to Snakes      Tmut           ###.....     2%          2    ##.....
c - Blade Hands           Tmut           ###.......   43%         5    ######.


Dungeon Overview and Level Annotations

Branches:
Dungeon (6/15)             Temple (1/1) D:5

Altars:
Ashenzari
Cheibriados
Elyvilon
Hepliaklqana
Kikubaaqudgha
Makhleb
Qazlal
Ru
Sif Muna
Trog
Uskayaw
Vehumet
Xom
Yredelemnul
Zin
The Shining One


Innate Abilities, Weirdness & Mutations

You can breathe blasts of scalding, opaque steam.
Your pale cyan-grey scales are hard. (AC +7)
You cannot fit into any form of body armour.
You are cold-blooded and may be slowed by cold attacks.
You have a pair of horns on your head.


Message History

Your ball python bites the two-headed ogre but does no damage.
The two-headed ogre hits your ball python with a giant club!
Your ball python dies!
Your ball python closely misses the two-headed ogre.
The two-headed ogre shouts in stereo!
You closely miss the two-headed ogre.
The two-headed ogre is heavily wounded.
Your ball python bites the two-headed ogre but does no damage.
The two-headed ogre hits you with a giant club!
* * * LOW HITPOINT WARNING * * *
The two-headed ogre completely misses you.
You feel very mighty all of a sudden.
Your ball python bites the two-headed ogre but does no damage.
You punch the two-headed ogre!
Your headbutt misses the two-headed ogre.
The two-headed ogre is severely wounded.
You have got your breath back.
Your ball python closely misses the two-headed ogre.
The two-headed ogre hits you with a giant club!!
You die...

##...### #.##.#.########## ##.
#...#####.##.#.# #..
#.........##.#.########### #.#
###)..#####..........#.....# #.#
.............[.....#.#.....# #.#
.............#.#...........# #.#
.............#.....#.#..)..# #..
#.#.........†.S......#..>..# ###
#.#...#..##....O@..#########
#.#...#..##.........##
#........##..........# ########
#........#####..#...## #......#
#........#####..##.## #.####.#
##[....#........#### ####......#
.......###.####.#######.........#
##.........####.........##.......
†............##.##########......#


You could see a two-headed ogre and a friendly ball python.

Vanquished Creatures
  Pikel (D:5)
  Grinder (D:3)
  An orc warrior (D:6)
  4 ogres
  A sky beast (D:5)
  2 slaves (D:5)
  A phantom (D:6)
  A bullfrog (D:6)
  3 wights
  A howler monkey (D:4)
  A crimson imp (D:5)
  A bullfrog zombie (D:5)
  2 orc priests
  A jelly (D:6)
  2 iguanas
  5 worker ants
  A killer bee zombie (D:5)
  A hound skeleton (D:4)
  5 gnolls (D:2)
  11 adders
  4 shadow imps
  An ooze (D:2)
  An adder skeleton (D:5)
  2 worms
  5 dart slugs
  3 leopard geckos
  5 orcs
  4 giant cockroaches
  5 goblins
  9 hobgoblins
  2 jackals (D:2)
  2 quokkas
  A ball python (D:2)
  9 bats
  5 frilled lizards
  A jackal zombie (D:6)
  11 kobolds
  2 leopard gecko skeletons
  9 rats
127 creatures vanquished.

Vanquished Creatures (collateral kills)
  Eustachio (D:5)
  Crazy Yiuf (D:4)
2 creatures vanquished.

Vanquished Creatures (others)
  A slave (D:5)
  3 plants (D:5)
4 creatures vanquished.

Grand Total: 133 creatures vanquished

Notes
Turn   | Place    | Note
-------+----------+-------------------------------------------
     0 | D:1      | MTVSty1e the Draconian Transmuter began the quest for the Orb.
     0 | D:1      | Reached XP level 1. HP: 16/16 MP: 3/3
   452 | D:1      | Reached XP level 2. HP: 5/23 MP: 5/5
  1054 | D:1      | Reached XP level 3. HP: 20/28 MP: 4/6
  1163 | D:1      | Learned a level 2 spell: Sticks to Snakes
  1771 | D:2      | Reached XP level 4. HP: 32/35 MP: 7/7
  1878 | D:2      | Reached skill level 5 in Unarmed Combat
  2405 | D:2      | Reached skill level 2 in Fighting
  2405 | D:2      | Reached XP level 5. HP: 20/41 MP: 8/8
  3241 | D:2      | Learned a level 5 spell: Blade Hands
  3540 | D:3      | Noticed Grinder
  3564 | D:3      | Killed Grinder
  3564 | D:3      | Reached skill level 3 in Fighting
  3564 | D:3      | Reached XP level 6. HP: 11/51 MP: 5/9
  4544 | D:4      | Reached skill level 4 in Fighting
  4544 | D:4      | Your scales start taking on a pale cyan-grey colour.
  4544 | D:4      | Reached XP level 7. HP: 59/59 MP: 8/11
  4649 | D:4      | HP: 2/59 [ogre/giant spiked club (26)]
  5293 | D:4      | Found a runed door.
  5388 | D:4      | Noticed Crazy Yiuf
  5394 | D:4      | Killed Crazy Yiuf
  5665 | D:5      | Entered Level 5 of the Dungeon
  5921 | D:5      | Noticed Eustachio
  5939 | D:5      | Killed Eustachio
  5939 | D:5      | Reached skill level 5 in Fighting
  5963 | D:5      | Reached XP level 8. HP: 52/68 MP: 7/13
  6191 | D:5      | Found a staircase to the Ecumenical Temple.
  6223 | Temple   | Entered the Ecumenical Temple
  6372 | Temple   | Became a worshipper of Makhleb the Destroyer
  6845 | D:5      | Noticed Pikel
  6871 | D:5      | Killed Pikel
  6871 | D:5      | Reached skill level 6 in Fighting
  7890 | D:6      | Reached skill level 5 in Transmutations
  7913 | D:6      | Reached skill level 7 in Fighting
  8184 | D:6      | Reached XP level 9. HP: 77/79 MP: 13/15
  8409 | D:5      | Noticed a two-headed ogre
  8422 | D:5      | Mangled by a two-headed ogre

Skill      XL: |  1  2  3  4  5  6  7  8 |
---------------+-------------------------+-----
Unarmed Combat | 4 5 6 |  6.7
Fighting       | 2 3 4 5 7 |  7.3
Dodging        | 2 3 4 |  4.4
Transmutations | 3 4 5 |  5.2
Spellcasting   | 3 4 |  4.5

Action                   |  1- 3 |  4- 6 |  7- 9 || total
-------------------------+-------+-------+-------++-------
Melee: Unarmed           |   154 |   193 |   270 ||   617
       Kick              |    13 |    17 |    24 ||    54
       Tailslap          |     9 |    14 |    44 ||    67
       Headbutt          |     6 |     8 |    25 ||    39
       Punch             |       |     3 |     4 ||     7
 Cast: Beastly Appendage |    23 |    31 |    30 ||    84
       Sticks to Snakes  |       |     2 |     8 ||    10
 Abil: Breathe Steam     |       |       |     6 ||     6
  Use: Scroll            |       |     6 |    10 ||    16
       Potion            |       |     1 |     1 ||     2
  Eat: Bread ration      |     1 |       |     2 ||     3
       Chunk             |       |     9 |       ||     9
       Fruit             |       |       |     2 ||     2
       Royal jelly       |       |       |     1 ||     1
Armor: Skin              |    54 |    43 |    65 ||   162
Dodge: Dodged            |   106 |   110 |   148 ||   364
